| TOP OF THE 1ST |
|
Great Falls Voyagers batting - Pitching for Baltimore (APP) Orioles : LHP Killian Wellman
|
|
Pitching: LHP Killian Wellman
|
|
|
Batting: RHB Andy Cotton
|
0-0: Called Strike 0-1: Called Strike 0-2: Hit by Pitch
|
|
Batting: RHB Mitch Cuadros
|
0-0: SINGLE (Groundball, 56D, EV 96.2 MPH) Andy Cotton to second
|
|
Batting: RHB Russ Cornett
|
0-0: Ball 1-0: Called Strike 1-1: Foul Ball, location: 2F 1-2: Strikes out swinging
|
|
Batting: RHB Billy Grubbs
|
0-0: Called Strike 0-1: Ball 1-1: Fielders Choice at 2nd, 3-6 (Groundball, 34S, EV 85.6 MPH) Andy Cotton to third
|
|
Batting: RHB Jake Feinstein
|
0-0: Ball 1-0: Ball 2-0: Swinging Strike 2-1: Ball 3-1: Base on Balls Billy Grubbs to second
|
|
Batting: RHB Francisco Marin
|
0-0: Swinging Strike 0-1: Called Strike 0-2: Strikes out swinging
|
| Top of the 1st over - 0 runs, 1 hit, 0 errors, 3 left on base; Great Falls 0 - Baltimore (APP) 0 |
| BOTTOM OF THE 1ST |
|
Baltimore (APP) Orioles batting - Pitching for Great Falls Voyagers : LHP Chuck Dobbins
|
|
Pitching: LHP Chuck Dobbins
|
|
|
Batting: LHB Edwin Cabral
|
0-0: Called Strike 0-1: Ball 1-1: Foul Ball, location: 2F 1-2: Ground out 4-3 (Groundball, 4, EV 80.0 MPH)
|
|
Batting: RHB Han Caspers
|
0-0: Ball 1-0: Foul Ball, location: 2F 1-1: Ground out 4-3 (Groundball, 4, EV 103.8 MPH)
|
|
Batting: RHB Imbart van Rens
|
0-0: Ball 1-0: Ball 2-0: Called Strike 2-1: Ball 3-1: Foul Ball, location: 2F 3-2: Strikes out swinging
|
| Bottom of the 1st over - 0 runs, 0 hits, 0 errors, 0 left on base; Great Falls 0 - Baltimore (APP) 0 |
| TOP OF THE 2ND |
|
Great Falls Voyagers batting - Pitching for Baltimore (APP) Orioles : LHP Killian Wellman
|
|
Batting: RHB Enrique Gomez
|
0-0: Reached on error, E6 (Groundball, 6, EV 106.9 MPH)
|
|
Batting: RHB Joselito Santos
|
0-0: Called Strike Enrique Gomez steals 2nd base 0-1: Swinging Strike 0-2: Ball 1-2: Ball 2-2: Ball 3-2: Base on Balls
|
|
Batting: RHB Dave Dominguez
|
0-0: SINGLE (Groundball, 56D, EV 95.0 MPH) Enrique Gomez to third Joselito Santos to second Runner from 3rd tries for Home, SAFE, throw by LF to home
|
|
Batting: RHB Andy Cotton
|
0-0: Ball 1-0: Ball 2-0: Foul Ball, location: 2F 2-1: Foul Ball, location: 2F 2-2: Foul Ball, location: 2F 2-2: Ball 3-2: Foul Ball, location: 2F 3-2: Base on Balls Joselito Santos to third Dave Dominguez to second
|
|
Batting: RHB Mitch Cuadros
|
0-0: Ball 1-0: Ball 2-0: Ball 3-0: Base on Balls Joselito Santos scores Dave Dominguez to third Andy Cotton to second
|
|
Batting: RHB Russ Cornett
|
0-0: Called Strike 0-1: Swinging Strike 0-2: Ball 1-2: Ball 2-2: Ball 3-2: Base on Balls Dave Dominguez scores Andy Cotton to third Mitch Cuadros to second
|
|
Batting: RHB Billy Grubbs
|
0-0: Ball 1-0: Called Strike 1-1: Foul Ball, location: 2F 1-2: Ball 2-2: Foul Ball, location: 2F 2-2: Foul Ball, location: 2F 2-2: Ball 3-2: Base on Balls Andy Cotton scores Mitch Cuadros to third Russ Cornett to second
|
|
Batting: RHB Jake Feinstein
|
0-0: Called Strike 0-1: Ball 1-1: Ball Wild Pitch! Mitch Cuadros scores Russ Cornett to third Billy Grubbs to second 2-1: Swinging Strike 2-2: Ball 3-2: Foul Ball, location: 2F 3-2: Strikes out swinging
|
|
Batting: RHB Francisco Marin
|
0-0: Ball 1-0: Ball 2-0: Called Strike 2-1: Called Strike 2-2: Ball 3-2: Strikes out looking
|
|
Batting: RHB Enrique Gomez
|
0-0: Called Strike 0-1: Fly out, F9 (Flyball, 9, EV 88.1 MPH)
|
| Top of the 2nd over - 5 runs, 1 hit, 1 error, 2 left on base; Great Falls 5 - Baltimore (APP) 0 |
| BOTTOM OF THE 2ND |
|
Baltimore (APP) Orioles batting - Pitching for Great Falls Voyagers : LHP Chuck Dobbins
|
|
Batting: RHB Eddie Morin
|
0-0: Ball 1-0: Swinging Strike 1-1: Ball 2-1: Foul Ball, location: 2F 2-2: Foul Ball, location: 2F 2-2: SOLO HOME RUN (Flyball, 78XD, EV 111.2 MPH), Distance : 443 ft
|
|
Batting: LHB Sueo Iba
|
0-0: SOLO HOME RUN (Flyball, 9D, EV 98.1 MPH), Distance : 388 ft
|
|
Batting: RHB Javier Brizuela
|
0-0: Called Strike 0-1: Foul Ball, location: 2F 0-2: Foul Ball, location: 2F 0-2: Strikes out swinging
|
|
Batting: RHB David Gomez
|
0-0: Ball 1-0: Ball 2-0: Ground out 4-3 (Groundball, 4, EV 81.9 MPH)
|
|
Batting: RHB Tyler Cohen
|
0-0: SINGLE (Groundball, 6MD, EV 98.1 MPH)
|
|
Batting: RHB Bob Bychyk
|
0-0: Fly out, F8 (Flyball, 8LM, EV 86.2 MPH)
|
| Bottom of the 2nd over - 2 runs, 3 hits, 0 errors, 1 left on base; Great Falls 5 - Baltimore (APP) 2 |
| TOP OF THE 3RD |
|
Great Falls Voyagers batting - Pitching for Baltimore (APP) Orioles : LHP Killian Wellman
|
|
Batting: RHB Joselito Santos
|
0-0: Called Strike 0-1: Ball 1-1: Ball 2-1: Called Strike 2-2: Ball 3-2: Foul Ball, location: 2F 3-2: SOLO HOME RUN (Line Drive, 7D, EV 100.0 MPH), Distance : 396 ft
|
|
Batting: RHB Dave Dominguez
|
0-0: Ball 1-0: Foul Ball, location: 2F 1-1: Called Strike 1-2: Foul Ball, location: 2F 1-2: Ball 2-2: Strikes out looking
|
|
Batting: RHB Andy Cotton
|
0-0: Ball 1-0: Foul Ball, location: 2F 1-1: Called Strike 1-2: Ball 2-2: Foul Ball, location: 2F 2-2: Ball 3-2: Ground out 6-3 (Groundball, 6, EV 86.9 MPH)
|
|
Batting: RHB Mitch Cuadros
|
0-0: Ball 1-0: Ball 2-0: Called Strike 2-1: Fly out, F7 (Flyball, 7D, EV 92.5 MPH)
|
| Top of the 3rd over - 1 run, 1 hit, 0 errors, 0 left on base; Great Falls 6 - Baltimore (APP) 2 |
| BOTTOM OF THE 3RD |
|
Baltimore (APP) Orioles batting - Pitching for Great Falls Voyagers : LHP Chuck Dobbins
|
|
Batting: LHB Edwin Cabral
|
0-0: Foul Ball, location: 2F 0-1: Ground out 4-3 (Groundball, 4, EV 86.2 MPH)
|
|
Batting: RHB Han Caspers
|
0-0: Ball 1-0: Called Strike 1-1: Ball 2-1: Ball 3-1: Ground out 5-3 (Groundball, 56, EV 93.8 MPH)
|
|
Batting: RHB Imbart van Rens
|
0-0: Foul Ball, location: 2F 0-1: Foul Ball, location: 2F 0-2: Ball 1-2: Strikes out swinging
|
| Bottom of the 3rd over - 0 runs, 0 hits, 0 errors, 0 left on base; Great Falls 6 - Baltimore (APP) 2 |
| TOP OF THE 4TH |
|
Great Falls Voyagers batting - Pitching for Baltimore (APP) Orioles : LHP Killian Wellman
|
|
Batting: RHB Russ Cornett
|
0-0: Swinging Strike 0-1: Called Strike 0-2: Strikes out looking
|
|
Batting: RHB Billy Grubbs
|
0-0: Foul Ball, location: 2F 0-1: Ball 1-1: Ball 2-1: Foul Ball, location: 2F 2-2: Ball 3-2: Foul Ball, location: 2F 3-2: Foul Ball, location: 2F 3-2: Foul Ball, location: 2F 3-2: Strikes out swinging
|
|
Batting: RHB Jake Feinstein
|
0-0: Foul Ball, location: 2F 0-1: Foul Ball, location: 2F 0-2: Ball 1-2: Ball 2-2: Ball 3-2: Base on Balls
|
|
Pitching: RHP Xavier Martin
|
|
|
Batting: RHB Francisco Marin
|
0-0: Ball Jake Feinstein steals 2nd base 1-0: SINGLE (Line Drive, 56D, EV 94.4 MPH) Jake Feinstein to third
|
|
Batting: RHB Enrique Gomez
|
0-0: 3-RUN HOME RUN (Flyball, 7D, EV 102.5 MPH), Distance : 396 ft
|
|
Batting: RHB Joselito Santos
|
0-0: Ball 1-0: Fly out, F3 (Popup, 3F, EV 70.6 MPH)
|
| Top of the 4th over - 3 runs, 2 hits, 0 errors, 0 left on base; Great Falls 9 - Baltimore (APP) 2 |
| BOTTOM OF THE 4TH |
|
Baltimore (APP) Orioles batting - Pitching for Great Falls Voyagers : LHP Chuck Dobbins
|
|
Batting: RHB Eddie Morin
|
0-0: Swinging Strike 0-1: Ball 1-1: Ball 2-1: Foul Ball, location: 2F 2-2: Strikes out swinging
|
|
Batting: LHB Sueo Iba
|
0-0: SINGLE (Line Drive, 6D, EV 95.0 MPH)
|
|
Batting: RHB Javier Brizuela
|
0-0: Swinging Strike 0-1: Called Strike 0-2: Ball 1-2: Ball 2-2: Ball 3-2: Fly out, F8 (Flyball, 8RS, EV 78.8 MPH)
|
|
Batting: RHB David Gomez
|
0-0: Foul Ball, location: 2F 0-1: Ball 1-1: Ball 2-1: Ball 3-1: Called Strike 3-2: DOUBLE (Line Drive, 89D, EV 110.6 MPH) Sueo Iba to third Sueo Iba scores
|
|
Batting: RHB Tyler Cohen
|
0-0: Called Strike 0-1: Called Strike 0-2: Fly out, F8 (Flyball, 8LM, EV 77.5 MPH)
|
| Bottom of the 4th over - 1 run, 2 hits, 0 errors, 1 left on base; Great Falls 9 - Baltimore (APP) 3 |
| TOP OF THE 5TH |
|
Great Falls Voyagers batting - Pitching for Baltimore (APP) Orioles : RHP Xavier Martin
|
|
Batting: RHB Dave Dominguez
|
0-0: Foul Ball, location: 2F 0-1: Ball 1-1: Called Strike 1-2: Ball 2-2: DOUBLE (Groundball, 5L, EV 105.0 MPH)
|
|
Batting: RHB Andy Cotton
|
0-0: Ball 1-0: Ball 2-0: Ball 3-0: Called Strike 3-1: Foul Ball, location: 2F 3-2: Foul Ball, location: 2F 3-2: 2-RUN HOME RUN (Flyball, 78XD, EV 108.8 MPH), Distance : 448 ft
|
|
Pitching: RHP Adam Savage
|
|
|
Batting: RHB Mitch Cuadros
|
0-0: Ball 1-0: Ground out 6-3 (Groundball, 56, EV 90.0 MPH)
|
|
Batting: RHB Russ Cornett
|
0-0: Ball 1-0: Foul Ball, location: 2F 1-1: SINGLE (Groundball, 5D, EV 95.0 MPH)
|
|
Batting: RHB Billy Grubbs
|
0-0: Ball 1-0: 2-RUN HOME RUN (Flyball, 89XD, EV 113.1 MPH), Distance : 439 ft
|
|
Batting: RHB Jake Feinstein
|
0-0: Swinging Strike 0-1: SOLO HOME RUN (Flyball, 78XD, EV 104.4 MPH), Distance : 440 ft
|
|
Batting: RHB Francisco Marin
|
0-0: Ball 1-0: Called Strike 1-1: Ball 2-1: Ball 3-1: Base on Balls
|
|
Batting: RHB Enrique Gomez
|
0-0: Fielders Choice at 2nd, 5-4 (Groundball, 56, EV 88.1 MPH)
|
|
Batting: RHB Joselito Santos
|
0-0: SINGLE (Line Drive, 5D, EV 98.1 MPH) Enrique Gomez to second
|
|
Batting: RHB Dave Dominguez
|
0-0: Called Strike 0-1: Ball Wild Pitch! Enrique Gomez to third Joselito Santos to second 1-1: Ball 2-1: Called Strike 2-2: Ball 3-2: SINGLE (Line Drive, 89S, EV 105.6 MPH) Enrique Gomez scores Joselito Santos to third
|
|
Pitching: RHP Sherwood Abernethy
|
|
|
Batting: RHB Andy Cotton
|
0-0: Ball 1-0: Ball 2-0: Ball 3-0: Base on Balls Dave Dominguez to second
|
|
Batting: RHB Mitch Cuadros
|
0-0: Ball 1-0: Ball Passed Ball! Joselito Santos scores Dave Dominguez to third Andy Cotton to second 2-0: Foul Ball, location: 2F 2-1: Ball 3-1: Called Strike 3-2: Foul Ball, location: 2F 3-2: Foul Ball, location: 2F 3-2: SINGLE (Groundball, 6MD, EV 104.4 MPH) Dave Dominguez scores Andy Cotton to third Runner from 3rd tries for Home, SAFE, throw by CF to home
|
|
Batting: RHB Russ Cornett
|
0-0: Called Strike 0-1: Ball 1-1: Foul Ball, location: 2F 1-2: Foul Ball, location: 2F 1-2: Ball 2-2: Ball 3-2: SINGLE (Flyball, 3D, EV 91.9 MPH) Mitch Cuadros to second Mitch Cuadros to third
|
|
Pitching: RHP Safe-eldin Enobakhare
|
|
|
Batting: RHB Billy Grubbs
|
0-0: Called Strike 0-1: Foul Ball, location: 2F 0-2: Ball 1-2: Ball 2-2: Strikes out swinging
|
| Top of the 5th over - 9 runs, 9 hits, 0 errors, 2 left on base; Great Falls 18 - Baltimore (APP) 3 |
| BOTTOM OF THE 5TH |
|
Baltimore (APP) Orioles batting - Pitching for Great Falls Voyagers : LHP Chuck Dobbins
|
|
Batting: RHB Bob Bychyk
|
0-0: Ball 1-0: Called Strike 1-1: Ball 2-1: Ball 3-1: Swinging Strike 3-2: Strikes out swinging
|
|
Batting: LHB Edwin Cabral
|
0-0: Swinging Strike 0-1: Foul Ball, location: 2F 0-2: Ball 1-2: Ball 2-2: Ball 3-2: Strikes out swinging
|
|
Batting: RHB Han Caspers
|
0-0: Swinging Strike 0-1: Foul Ball, location: 2F 0-2: Ball 1-2: Fly out, F8 (Flyball, 8RM, EV 90.6 MPH)
|
| Bottom of the 5th over - 0 runs, 0 hits, 0 errors, 0 left on base; Great Falls 18 - Baltimore (APP) 3 |
| TOP OF THE 6TH |
|
Great Falls Voyagers batting - Pitching for Baltimore (APP) Orioles : RHP Safe-eldin Enobakhare
|
|
Batting: RHB Jake Feinstein
|
0-0: Called Strike 0-1: Ball 1-1: Ball 2-1: Called Strike 2-2: Strikes out looking
|
|
Batting: RHB Francisco Marin
|
0-0: Ball 1-0: Ground out 5-3 (Groundball, 56, EV 100.6 MPH)
|
|
Batting: RHB Enrique Gomez
|
0-0: Ball 1-0: Ball 2-0: Called Strike 2-1: Ball 3-1: Swinging Strike 3-2: Base on Balls
|
|
Pitching: LHP Gilberto Lugo
|
|
|
Batting: RHB Joselito Santos
|
0-0: Swinging Strike 0-1: Ball 1-1: Swinging Strike 1-2: Strikes out looking
|
| Top of the 6th over - 0 runs, 0 hits, 0 errors, 1 left on base; Great Falls 18 - Baltimore (APP) 3 |
| BOTTOM OF THE 6TH |
|
Baltimore (APP) Orioles batting - Pitching for Great Falls Voyagers : LHP Chuck Dobbins
|
|
Batting: RHB Imbart van Rens
|
0-0: Ball 1-0: Ball 2-0: Ball 3-0: Base on Balls
|
|
Batting: RHB Eddie Morin
|
0-0: Called Strike Imbart van Rens steals 2nd, throwing error, E2 Imbart van Rens to third 0-1: Ball 1-1: Ground out 6-3 (Groundball, 6, EV 96.9 MPH) Imbart van Rens scores
|
|
Batting: LHB Sueo Iba
|
0-0: Ball 1-0: Ball 2-0: Foul Ball, location: 2F 2-1: Swinging Strike 2-2: Strikes out looking
|
|
Batting: RHB Javier Brizuela
|
0-0: Foul Ball, location: 2F 0-1: Ball 1-1: Foul Ball, location: 2F 1-2: Ball 2-2: Ground out 6-3 (Groundball, 6, EV 96.2 MPH)
|
| Bottom of the 6th over - 1 run, 0 hits, 1 error, 0 left on base; Great Falls 18 - Baltimore (APP) 4 |
| TOP OF THE 7TH |
|
Great Falls Voyagers batting - Pitching for Baltimore (APP) Orioles : LHP Gilberto Lugo
|
|
Batting: RHB Dave Dominguez
|
0-0: Ball 1-0: Called Strike 1-1: Swinging Strike 1-2: Foul Ball, location: 2F 1-2: Foul Ball, location: 2F 1-2: Strikes out swinging
|
|
Batting: RHB Andy Cotton
|
0-0: Foul Ball, location: 2F 0-1: Ball 1-1: Foul Ball, location: 2F 1-2: Ball 2-2: Ball 3-2: Ground out 5-3 (Groundball, 5, EV 79.4 MPH)
|
|
Batting: RHB Mitch Cuadros
|
0-0: Called Strike 0-1: Ground out 4-3 (Groundball, 4, EV 108.1 MPH)
|
| Top of the 7th over - 0 runs, 0 hits, 0 errors, 0 left on base; Great Falls 18 - Baltimore (APP) 4 |
| BOTTOM OF THE 7TH |
|
Baltimore (APP) Orioles batting - Pitching for Great Falls Voyagers : LHP Chuck Dobbins
|
|
Pitching: RHP Max Carter
|
|
|
Batting: RHB David Gomez
|
0-0: Called Strike 0-1: Ground out 5-3 (Groundball, 56S, EV 66.9 MPH)
|
|
Batting: RHB Tyler Cohen
|
0-0: Ball 1-0: Ball 2-0: Ball 3-0: Base on Balls
|
|
Batting: RHB Bob Bychyk
|
0-0: Bunt missed! 0-1: Ball 1-1: Sac Bunt to 25 - play at first, batter OUT! 5-4 Tyler Cohen to second
|
|
Batting: LHB Edwin Cabral
|
0-0: Foul Ball, location: 2F 0-1: Ball 1-1: Called Strike 1-2: Strikes out swinging
|
| Bottom of the 7th over - 0 runs, 0 hits, 0 errors, 1 left on base; Great Falls 18 - Baltimore (APP) 4 |
| TOP OF THE 8TH |
|
Great Falls Voyagers batting - Pitching for Baltimore (APP) Orioles : LHP Gilberto Lugo
|
|
Pitching: RHP Vincent Maris
|
|
|
Batting: RHB Russ Cornett
|
0-0: Ball 1-0: Ball 2-0: Ball 3-0: Base on Balls
|
|
Batting: RHB Billy Grubbs
|
0-0: Ball 1-0: Ball 2-0: Ball 3-0: Called Strike 3-1: Called Strike 3-2: Strikes out swinging Russ Cornett steals 2nd, throwing error, E2 Russ Cornett to third
|
|
Batting: RHB Jake Feinstein
|
0-0: Ball 1-0: Foul Ball, location: 2F 1-1: Ball 2-1: Foul Ball, location: 2F 2-2: Strikes out swinging
|
|
Batting: RHB Francisco Marin
|
0-0: Ball 1-0: Called Strike 1-1: Swinging Strike 1-2: Ball 2-2: Foul Ball, location: 2F 2-2: Ball 3-2: Base on Balls
|
|
Batting: RHB Enrique Gomez
|
0-0: Fly out, F7 (Line Drive, 7S, EV 100.0 MPH)
|
| Top of the 8th over - 0 runs, 0 hits, 1 error, 2 left on base; Great Falls 18 - Baltimore (APP) 4 |
| BOTTOM OF THE 8TH |
|
Baltimore (APP) Orioles batting - Pitching for Great Falls Voyagers : RHP Max Carter
|
|
Batting: RHB Han Caspers
|
0-0: Called Strike 0-1: Ball 1-1: Ball 2-1: Foul Ball, location: 2F 2-2: Ball 3-2: Base on Balls
|
|
Batting: RHB Imbart van Rens
|
0-0: 2-RUN HOME RUN (Flyball, 7D, EV 98.8 MPH), Distance : 390 ft
|
|
Batting: RHB Eddie Morin
|
0-0: Ball 1-0: Ball 2-0: Ground out 6-3 (Groundball, 6, EV 85.0 MPH)
|
|
Batting: LHB Sueo Iba
|
0-0: Swinging Strike 0-1: Ground out 6-3 (Groundball, 6, EV 85.6 MPH)
|
|
Batting: RHB Javier Brizuela
|
0-0: Called Strike 0-1: Swinging Strike 0-2: Strikes out looking
|
| Bottom of the 8th over - 2 runs, 1 hit, 0 errors, 0 left on base; Great Falls 18 - Baltimore (APP) 6 |
| TOP OF THE 9TH |
|
Great Falls Voyagers batting - Pitching for Baltimore (APP) Orioles : RHP Vincent Maris
|
|
Batting: RHB Joselito Santos
|
0-0: DOUBLE (Line Drive, 7LD, EV 107.5 MPH)
|
|
Batting: RHB Dave Dominguez
|
0-0: Called Strike 0-1: DOUBLE (Groundball, 5L, EV 96.2 MPH) Joselito Santos scores
|
|
Batting: RHB Andy Cotton
|
0-0: Ball 1-0: Called Strike 1-1: Ground out 6-3 (Groundball, 56, EV 80.0 MPH)
|
|
Batting: RHB Mitch Cuadros
|
0-0: Foul Ball, location: 2F 0-1: Ball 1-1: Called Strike 1-2: Foul Ball, location: 2F 1-2: Foul Ball, location: 2F 1-2: Ball Passed Ball! Dave Dominguez to third 2-2: Ball 3-2: Base on Balls
|
|
Pitching: RHP Rick Bob Van Arsdale-Undercarriage
|
|
|
Batting: RHB Russ Cornett
|
0-0: Ball 1-0: Ball 2-0: Ball 3-0: Foul Ball, location: 2F 3-1: Base on Balls Mitch Cuadros to second
|
|
Batting: RHB Billy Grubbs
|
0-0: Swinging Strike 0-1: Ball 1-1: Swinging Strike 1-2: Strikes out swinging
|
|
Batting: RHB Jake Feinstein
|
0-0: Ball Wild Pitch! Dave Dominguez scores Mitch Cuadros to third Russ Cornett to second 1-0: Fly out, F9 (Flyball, 9S, EV 73.8 MPH)
|
| Top of the 9th over - 2 runs, 2 hits, 0 errors, 2 left on base; Great Falls 20 - Baltimore (APP) 6 |
| BOTTOM OF THE 9TH |
|
Baltimore (APP) Orioles batting - Pitching for Great Falls Voyagers : RHP Max Carter
|
|
Batting: RHB David Gomez
|
0-0: Called Strike 0-1: Foul Ball, location: 2F 0-2: Strikes out swinging
|
|
Batting: RHB Tyler Cohen
|
0-0: Ball 1-0: Foul Ball, location: 2F 1-1: Ball 2-1: Foul Ball, location: 2F 2-2: Ball 3-2: Strikes out swinging
|
|
Batting: RHB Bob Bychyk
|
0-0: Called Strike 0-1: Foul Ball, location: 2F 0-2: Ball 1-2: Strikes out swinging
|
| Bottom of the 9th over - 0 runs, 0 hits, 0 errors, 0 left on base; Great Falls 20 - Baltimore (APP) 6 |
|